 Dungeon Crawl Stone Soup version 0.26.1-10-gdfb7c7de75 (webtiles) character file.

Game seed: 4955812863555592729

33 H0rd4k the Charlatan (level 3, -1/26 HPs)
             Began as a Human Artificer on Apr 6, 2021.
             Shot with a stone by a goblin (3 damage)
             ... led by Robin
             ... on level 2 of the Dungeon.
             The game lasted 00:01:12 (1857 turns).

H0rd4k the Charlatan (Human Artificer)              Turns: 1857, Time: 00:01:13

Health: -1/26      AC:  3    Str: 13    XL:     3   Next: 47%
Magic:  3/3        EV: 11    Int: 11    God:
Gold:   72         SH:  0    Dex: 13    Spells: 2/2 levels left

rFire    . . .     SeeInvis .   h - +0 dagger
rCold    . . .     Faith    .   (no shield)
rNeg     . . .     Spirit   .   b - +0 leather armour
rPois    .         Reflect  .   (no helmet)
rElec    .         Harm     .   (no cloak)
rCorr    .         Rampage  .   (no gloves)
Will     .....                  (no boots)
Stlth    +.........             (no amulet)
HPRegen  0.08/turn              (no ring)
MPRegen  0.08/turn              (no ring)

@: no status effects
A: no striking features
a: no special abilities


You were on level 2 of the Dungeon.
You visited 1 branch of the dungeon, and saw 2 of its levels.

You collected 72 gold pieces.

Inventory:

Hand Weapons
 h - a +0 dagger (weapon)
Armour
 b - a +0 leather armour (worn)
Wands
 c - a wand of flame (15) (quivered)
 d - a wand of enslavement (15)
 e - a wand of random effects (15)
Scrolls
 f - 3 scrolls of identify {unknown}
 k - a scroll of enchant weapon {unknown}
Potions
 a - a potion of might {unknown}
 g - a potion of degeneration {unknown}
 i - a potion of haste {unknown}
 j - a potion of lignification {unknown}


   Skills:
 + Level 1.1 Fighting
 + Level 2.4 Armour
 + Level 1.4 Dodging
 + Level 1.2 Stealth
 + Level 3.7 Evocations


You had 2 spell levels left.
You didn't know any spells.
Your spell library was empty.

Dungeon Overview and Level Annotations

Branches:
Dungeon (2/15)

Altars:

Annotations:
D:1 exclusion: downstairs
D:2 Robin, Sigmund


Message History

You bump into the rock wall.
Sigmund hits you with a +0 scythe!
You bump into the rock wall.
Sigmund hits you with a +0 scythe!
* * * LOW HITPOINT WARNING * * *
You're too confused to move!
Sigmund closely misses you.
You hit the plant.
The plant begins to die.
The plant is lightly damaged.
You feel less confused. Sigmund closely misses you.
Sigmund gestures at himself while chanting.
Sigmund flickers and vanishes!
Deactivating autopickup; reactivate with Ctrl-A.
Found a robe.
The goblin shouts!
You hear a shout!
A nearby plant withers and dies.
The goblin shoots a stone.
The stone closely misses you.
The goblin shouts!
You see here a stone.
You see here a robe.
The goblin shoots a stone.
The stone hits you.
You die...

#....+...........
####..###.....#####.
#.(.........#.....
#.##..#####.#...#.#
#.........#.#..P..#
###.#.###.#...P♣..#
#.#<....#..P.♣...
#.#.#####.P.♣♣ .P
#....@[.(..P♣
#########...g..^
...PPg..#####
.♣P♣.P..#... P.
♣♣P......# P.
..#...# # ...
......#.# #.....#..
#######.......♣


You could see a goblin.

Vanquished Creatures
  A dart slug (D:1)
  A leopard gecko (D:1)
  2 bats
  10 goblins
  3 hobgoblins (D:1)
  5 jackals
  A frilled lizard (D:1)
  A rat (D:1)
24 creatures vanquished.

Vanquished Creatures (others)
  2 plants (D:2)
2 creatures vanquished.

Grand Total: 26 creatures vanquished

Notes
Turn   | Place    | Note
-------+----------+-------------------------------------------
     0 | D:1      | H0rd4k the Human Artificer began the quest for the Orb.
     0 | D:1      | Reached XP level 1. HP: 15/15 MP: 1/1
    71 | D:1      | Reached XP level 2. HP: 8/21 MP: 2/2
   985 | D:1      | Reached XP level 3. HP: 24/26 MP: 3/3
  1492 | D:2      | Noticed Robin
  1827 | D:2      | Noticed Sigmund
  1857 | D:2      | Shot with a stone by a goblin

Illustrated notes

Levels and vault maps discovered:
D:1:      giann_bridges, layout_basic
D:2:      layout_basic, marbit_many_paths, cheibriados_altar_2, serial_forest,
          infiniplex_forest_clump_double, infiniplex_forest_clump_double,
          infiniplex_forest_clump_double, infiniplex_forest_straight_3,
          infiniplex_forest_join, infiniplex_forest_straight_4,
          infiniplex_forest_lined_room_3, infiniplex_forest_clump_long,
          infiniplex_forest_clump_small, uniq_sigmund, uniq_robin

Action                   || total
-------------------------++-------
Melee: Club              ||    30
       Dagger            ||   103
 Stab: Sleeping          ||     1
Armor: Leather armour    ||    40
Dodge: Dodged            ||   120
